 Dungeon Crawl Stone Soup version 0.19.1-1-g22dce08 (webtiles) character file.

10516 Firecrotchwizard the Fighter (level 11, 0/105 HPs)
             Began as a Minotaur Fighter on Jan 5, 2017.
             Was an Elder of Trog.
             Slain by a red ugly thing (21 damage)
             ... on level 11 of the Dungeon.
             The game lasted 00:39:19 (10222 turns).

Firecrotchwizard the Fighter (Minotaur Fighter)    Turns: 10222, Time: 00:39:19

Health: 0/105      AC: 16    Str: 24    XL:     11   Next: 37%
Magic:  10/10      EV: 10    Int:  5    God:    Trog [****..]
Gold:   444        SH:  0    Dex: 10    Spells: 0 memorised, 10 levels left

rFire  . . .     SeeInvis .     a - +1 war axe
rCold  . . .     Gourm    .     F - +0 plate armour
rNeg   . . .     Faith    .     (no shield)
rPois  +         Spirit   .     (helmet restricted)
rElec  .         Reflect  .     j - +1 cloak
rCorr  .         Harm     .     (no gloves)
MR     .....                    (no boots)
Stlth  ..........               (no amulet)
                                (no ring)
                                G - ring of poison resistance

@: no status effects
A: retaliatory headbutt, horns 2
a: Berserk, Trog's Hand, Brothers in Arms, Burn Spellbooks, Renounce Religion


You were on level 11 of the Dungeon.
You worshipped Trog.
Trog was greatly pleased with you.
You were not hungry.

You visited 1 branch of the dungeon, and saw 11 of its levels.

You collected 534 gold pieces.
You spent 90 gold pieces at shops.

Inventory:

Hand Weapons
 a - a +1 war axe (weapon)
 x - a +1 hand axe of flaming
 D - the +6 quarterstaff "Imuts" {crush, rPois MR+ Int-2}
   (You found it on level 9 of the Dungeon)

   It inflicts extra damage upon your enemies.
   It affects your intelligence (-2).
   It protects you from poison.
   It affects your resistance to hostile enchantments.
Missiles
 q - 18 tomahawks (quivered)
 K - 4 throwing nets
Armour
 b - a +0 scale mail
 c - a +0 shield
 j - a +1 cloak (worn)
 y - a +0 buckler
 z - a +0 chain mail
 F - a +0 plate armour (worn)
Jewellery
 G - a ring of poison resistance (left hand)
Wands
 m - a wand of polymorph (19/24)
 o - a wand of slowing (25/48)
 u - a wand of flame (16/48)
 C - a wand of confusion (24/48)
 H - a wand of digging (10/24)
 I - a wand of flame (17/48)
 M - a wand of slowing (41/48)
 O - a wand of disintegration (24/24)
 R - a wand of random effects (15/48)
Scrolls
 e - 3 scrolls of remove curse
 l - 5 scrolls of enchant weapon
 s - 2 scrolls of identify
 B - a scroll of blinking
 J - a scroll of teleportation
Potions
 d - 2 potions of might
 h - 5 potions of curing
 i - a potion of magic
 k - a potion of berserk rage
 n - a potion of lignification
 p - 2 potions of mutation
 r - a potion of flight {unknown}
 t - a potion of beneficial mutation {unknown}
 v - 3 potions of haste
 w - 2 potions of heal wounds
 L - a potion of brilliance {unknown}
 Q - a potion of resistance {unknown}
Comestibles
 f - 13 bread rations
 g - 6 meat rations
 A - 2 beef jerkies


   Skills:
 * Level 12.7 Fighting
 * Level 12.2 Axes
 + Level 0.0 Throwing
 + Level 9.5 Armour
 + Level 7.2 Dodging
 - Level 5.5 Shields


You had 10 spell levels left.
You didn't know any spells.

Dungeon Overview and Level Annotations

Branches:
Dungeon (11/15)            Temple (0/1) D:5            Lair (0/6) D:11
    Orc: D:9-12

Altars:
Cheibriados
Elyvilon
Fedhas
Hepliaklqana
Kikubaaqudgha
Nemelex Xobeh
Okawaru
Trog
Uskayaw
The Shining One

Shops:
D:5 *   D:8 [


Innate Abilities, Weirdness & Mutations

You reflexively headbutt those who attack you in melee.
You have a pair of horns on your head.


Message History

The orc warrior barely misses you.
You hit the red ugly thing but do no damage.
Your headbutt misses the red ugly thing.
The red ugly thing is severely wounded.
The red ugly thing punches you but does no damage.
The orc warrior hits you but does no damage.
You slash the red ugly thing!
Your headbutt misses the red ugly thing.
The red ugly thing is almost dead.
The red ugly thing punches you but does no damage.
All of the chunks of flesh in your inventory have rotted away.
You hit the red ugly thing.
Your headbutt misses the red ugly thing.
The red ugly thing is almost dead.
The orc warrior hits you from afar with a trident.
* * * LOW HITPOINT WARNING * * *
The red ugly thing punches you!
* * * LOW HITPOINT WARNING * * *
You are engulfed in flames!!
You die...

...........))..........#
####..####..####..###..#
#.. #..# #..# .# #. #..#
#..# .# #
##..####..###..#
...............#
...............#
########..###..# #@.# .#
#u)# # #o)# #..# #..#
...# ...# #...


You could see a red ugly thing and an orc warrior.

Vanquished Creatures
  2 hill giants (D:11)
  Pikel (D:8)
  The ghost of photon45 the Fighter, a novice OpFi of Makhleb (D:6)
  The ghost of blobert the Cudgeler, a novice GrBe of Trog (D:8)
  The ghost of blobert the Cudgeler, a novice GrBe of Trog (D:5)
  A manticore (D:11)
  Joseph (D:9)
  A merfolk (D:9)
  2 hippogriffs
  2 wyverns (D:8)
  5 yaks (D:9)
  4 hungry ghosts
  4 orc warriors
  4 ice beasts
  5 sky beasts
  2 phantoms
  A black bear (D:9)
  A slave (D:8)
  9 ogres
  5 centaurs
  A crocodile (D:10)
  A water moccasin zombie (D:9)
  4 bullfrogs
  2 scorpions
  4 killer bees (D:9)
  6 crimson imps
  A centaur zombie (D:11)
  7 orc wizards
  2 orc priests
  A centaur skeleton (D:5)
  7 hounds
  3 jellies
  Natasha (twice) (D:2)
  6 bullfrog skeletons
  5 iguanas
  7 worker ants
  A hell rat (D:11)
  2 hound skeletons
  Robin (D:2)
  4 gnolls (D:2)
  A howler monkey zombie (D:9)
  13 adders
  A river rat (D:11)
  2 shadow imps
  An adder skeleton (D:4)
  An adder zombie (D:6)
  4 worms
  6 leopard geckos
  39 orcs
  A ball python (D:5)
  2 giant cockroaches
  13 goblins
  7 hobgoblins
  4 jackals (D:4)
  11 kobolds
  4 quokkas
  3 bats (D:3)
  12 frilled lizards
  2 quokka skeletons
  6 rats
253 creatures vanquished.

Vanquished Creatures (collateral kills)
  Urug (D:11)
  An ice beast (D:9)
  A crocodile (D:11)
  A killer bee (D:9)
4 creatures vanquished.

Vanquished Creatures (others)
  A slave (D:8)
  A human (D:5)
2 creatures vanquished.

Grand Total: 259 creatures vanquished

Notes
Turn   | Place    | Note
-------+----------+-------------------------------------------
     0 | D:1      | Firecrotchwizard the Minotaur Fighter began the quest for the Orb.
     0 | D:1      | Reached XP level 1. HP: 19/19 MP: 0/0
   166 | D:1      | Reached XP level 2. HP: 23/27 MP: 1/1
   641 | D:2      | Found a snail-covered altar of Cheibriados.
   641 | D:2      | Found a bloodstained altar of Trog.
   641 | D:2      | Found a blossoming altar of Fedhas.
   641 | D:2      | Found a hide-covered altar of Uskayaw.
   641 | D:2      | Noticed Robin
   657 | D:2      | Reached XP level 3. HP: 28/33 MP: 2/2
   663 | D:2      | Killed Robin
   765 | D:2      | Found a sparkling altar of Nemelex Xobeh.
   765 | D:2      | Found a hazy altar of Hepliaklqana.
   773 | D:2      | Became a worshipper of Trog the Wrathful
   891 | D:2      | Reached XP level 4. HP: 32/41 MP: 3/3
  1018 | D:2      | Noticed Natasha
  1027 | D:2      | Killed Natasha
  1155 | D:2      | Noticed Natasha
  1162 | D:2      | Killed Natasha
  1281 | D:2      | Reached XP level 5. HP: 47/47 MP: 4/4
  1444 | D:2      | Reached skill level 5 in Fighting
  2418 | D:3      | Noticed a sky beast
  2431 | D:3      | Killed a sky beast
  2431 | D:3      | Reached XP level 6. HP: 50/56 MP: 5/5
  2602 | D:3      | Reached * piety under Trog
  2776 | D:4      | Reached skill level 5 in Shields
  2812 | D:4      | Reached skill level 5 in Axes
  3406 | D:4      | Reached skill level 5 in Armour
  3412 | D:4      | Reached ** piety under Trog
  3750 | D:4      | Reached XP level 7. HP: 44/63 MP: 6/6
  4116 | D:5      | Entered Level 5 of the Dungeon
  4116 | D:5      | Found an ancient bone altar of Kikubaaqudgha.
  4116 | D:5      | Found an iron altar of Okawaru.
  4116 | D:5      | Noticed a human
  4121 | D:5      | Noticed blobert's ghost (novice GrBe)
  4134 | D:5      | Reached skill level 1 in Dodging
  4141 | D:5      | Killed blobert's ghost
  4141 | D:5      | Reached XP level 8. HP: 48/73 MP: 7/7
  4367 | D:5      | Found a staircase to the Ecumenical Temple.
  4568 | D:5      | Found Vieddiuth's General Store.
  4575 | D:5      | Bought a scroll of blinking for 90 gold pieces
  5133 | D:6      | Reached *** piety under Trog
  5270 | D:6      | Noticed photon45's ghost (novice OpFi)
  5361 | D:7      | Reached XP level 9. HP: 72/83 MP: 8/8
  6134 | D:6      | Killed photon45's ghost
  6134 | D:6      | Reached skill level 10 in Fighting
  6909 | D:8      | Noticed blobert's ghost (novice GrBe)
  6917 | D:8      | Killed blobert's ghost
  6917 | D:8      | Reached skill level 5 in Dodging
  7054 | D:8      | Noticed Pikel
  7065 | D:8      | Killed Pikel
  7065 | D:8      | Reached skill level 10 in Axes
  7065 | D:8      | Reached XP level 10. HP: 63/94 MP: 9/9
  7299 | D:8      | Reached **** piety under Trog
  7363 | D:8      | Found Tityrphudec's Antique Armour Shop.
  7457 | D:8      | Found a white marble altar of Elyvilon.
  8266 | D:9      | Got a dazzling quarterstaff
  8272 | D:9      | Identified the +6 quarterstaff "Imuts" {crush, rPois MR+ Int-2} (You found it on level 9 of the Dungeon)
  8297 | D:9      | Noticed Joseph
  8315 | D:9      | Killed Joseph
  8645 | D:9      | Found a glowing golden altar of the Shining One.
  9226 | D:10     | Entered Level 10 of the Dungeon
  9237 | D:10     | Reached XP level 11. HP: 104/104 MP: 10/10
  9829 | D:11     | Noticed a hill giant
  9841 | D:11     | Killed a hill giant
  9945 | D:11     | Found a staircase to the Lair.
  9955 | D:11     | Noticed Urug
  9964 | D:11     | Noticed a hill giant
  9971 | D:11     | Killed a hill giant
  9979 | D:11     | Killed Urug
 10207 | D:11     | Noticed a red ugly thing
 10222 | D:11     | Slain by a red ugly thing

Skill      XL: |  1  2  3  4  5  6  7  8  9 10 11 |
---------------+----------------------------------+-----
Axes           | 3 4 5 6 8 10 11 12 | 12.2
Fighting       | 4 5 6 7 9 10 12 | 12.7
Armour         | 4 5 6 8 9 |  9.5
Shields        | 4 5 |  5.5
Dodging        | 2 3 5 6 7 |  7.2

Action                   |  1- 3 |  4- 6 |  7- 9 | 10-12 || total
-------------------------+-------+-------+-------+-------++-------
Melee: War axe           |    59 |   140 |   241 |   249 ||   689
       Headbutt          |    14 |    19 |    37 |    58 ||   128
       Quarterstaff      |       |       |       |     7 ||     7
Throw: Tomahawk          |       |       |     1 |       ||     1
Invok: Berserk           |       |       |     2 |     2 ||     4
       Trog's Hand       |       |       |     1 |     1 ||     2
       Burn Spellbooks   |       |       |     1 |     3 ||     4
       Brothers in Arms  |       |       |       |     2 ||     2
  Use: Potion            |     1 |       |     1 |       ||     2
       Scroll            |       |       |     6 |    14 ||    20
  Eat: Chunk             |       |     9 |    11 |     9 ||    29
       Pizza             |       |       |     1 |       ||     1
       Meat ration       |       |       |     1 |       ||     1
       Royal jelly       |       |       |       |     2 ||     2
Armor: Scale mail        |    22 |    76 |    14 |       ||   112
       Chain mail        |       |       |    59 |       ||    59
       Plate armour      |       |       |    35 |   163 ||   198
Dodge: Dodged            |    14 |    43 |    86 |   138 ||   281
Block: Shield            |    31 |    80 |    20 |       ||   131
       Buckler           |       |       |    40 |    26 ||    66
